 Dungeon Crawl Stone Soup version 0.30-a0-576-g89cddaab80 (webtiles) character file.

Game seed: 15503185527636168231

130 cforsyth the Trooper (level 5, -1/48 HPs)
             Began as a Ghoul Monk on Dec 31, 2022.
             Slain by a gnoll bouda
             ... wielding a +1 vampiric whip
              (6 damage)
             ... on level 2 of the Dungeon.
             The game lasted 00:04:51 (3218 turns).

cforsyth the Trooper (Ghoul Monk)                   Turns: 3218, Time: 00:04:52

Health: -1/48      AC:  2    Str: 17    XL:     5   Next: 14%
Magic:  4/4        EV: 12    Int:  5    God:
Gold:   218        SH:  0    Dex: 11    Spells: 4/4 levels left

rFire   . . .      SeeInvis .      - Unarmed
rCold   + . .      Faith    .    (no shield)
rNeg    + + +      Spirit   .    a - +0 robe
rPois   ∞          Reflect  +    (no helmet)
rElec   .          Harm     .    (no cloak)
rCorr   .          Rampage  .    (no gloves)
Will    .....                    (no boots)
Stlth   +                        c - amulet of reflection
HPRegen 0.00/turn                (no ring)
MPRegen 0.09/turn                (no ring)

@: confused, ambrosia-drunk, weakened, inhibited regen
A: claws 1, cold resistance 1, negative energy resistance 3, inhibited
regeneration, torment resistance 2, devour on kill
a: no special abilities


You were on level 2 of the Dungeon.
You visited 1 branch of the dungeon, and saw 4 of its levels.

You collected 218 gold pieces.

Inventory:

Armour
 a - a +0 robe (worn)
Jewellery
 c - an amulet of reflection (around neck)
Scrolls
 d - a scroll of immolation
 f - a scroll of vulnerability {unknown}
 g - a scroll of poison {unknown}
 j - a scroll of fog
 k - a scroll of identify
Potions
 e - a potion of invisibility {unknown}
 h - a potion of lignification {unknown}
 i - a potion of haste
 l - a potion of berserk rage {unknown}
 m - a potion of degeneration {unknown}
 n - a potion of curing {unknown}
 p - a potion of might {unknown}


   Skills:
 + Level 5.0 Fighting
 - Level 2.6 Dodging
 - Level 2.1 Stealth
 + Level 4.9 Unarmed Combat


You had 4 spell levels left.
You didn't know any spells.
Your spell library contained the following spells:

 Spells                   Type           Power      Damage    Failure   Level
 Sandblast                Erth           0%         2d4       47%         1
 Blink                    Tloc           0%         N/A       63%         2
 Passwall                 Tmut/Erth      0%         N/A       63%         2
 Stone Arrow              Conj/Erth      0%         3d7       85%         3
 Manifold Assault         Tloc           0%         N/A       99%         4
 Storm Form               Tmut/Air       Unusable   N/A       N/A         7

Dungeon Overview and Level Annotations

Branches:
Dungeon (4/15)
 Temple: D:4-7

Altars:

Shops:
D:1 (   D:2 *

Annotations:
D:2 1 runed translucent door, Crazy Yiuf


Innate Abilities, Weirdness & Mutations

You are immune to poison.
You have sharp fingernails.
Your flesh is cold resistant. (rC+)
You are immune to negative energy. (rN+++)
You do not regenerate when monsters are visible.
You are immune to unholy pain and torment.
You thrive by killing the living.


Message History

You completely miss the gnoll bouda.
The gnoll bouda hits you with a +1 vampiric whip.
You barely miss the gnoll bouda.
The gnoll bouda hits you with a +1 vampiric whip!
You are too injured to fight recklessly!
You are too injured to fight recklessly!
You are too injured to fight recklessly!
You are too injured to fight recklessly!
You are too injured to fight recklessly!
You are too injured to fight recklessly!
You are too injured to fight recklessly!
You are too injured to fight recklessly!
You are too injured to fight recklessly!
You scratch the gnoll bouda.
The gnoll bouda is moderately wounded.
The gnoll bouda hits you with a +1 vampiric whip.
* * * LOW HITPOINT WARNING * * *
You scratch the gnoll bouda but do no damage.
The gnoll bouda is moderately wounded.
The gnoll bouda hits you with a +1 vampiric whip.
* * * LOW HITPOINT WARNING * * *
You closely miss the gnoll bouda.
The gnoll bouda is moderately wounded.
The gnoll bouda hits you with a +1 vampiric whip!
* * * LOW HITPOINT WARNING * * *
Unknown command.
You are confused.
You feel invigorated. The gnoll bouda barely misses you.
You scratch the gnoll bouda but do no damage.
The gnoll bouda is moderately wounded.
The gnoll bouda barely misses you.
You bump into the rock wall.
The gnoll bouda gazes fiercely through you!
You feel your attacks grow feeble.
The gnoll bouda hits you with a +1 vampiric whip!
* * * LOW HITPOINT WARNING * * *
Unknown command.
You're too confused to move!
The gnoll bouda hits you with a +1 vampiric whip.
You die...

..# #................####.# ##.#
..#####...###############.####...
......................(..........
.#########..###########...#######
.####### ##..# ##........# #
.......# ##.### ##..#......# #
.......# #...####..##......# #
.......# ###...##.###......# #
.......# ###@##.# #......# #
.####### #g#..# ######## # .#
#g..## # .# #.### .###### #.#
......# #.# #####.# #.# #.#
#######.# #.# #.......#


You could see a gnoll bouda and a gnoll (swift).

Vanquished Creatures
  A hound (D:4)
  A gnoll (D:4)
  2 adders (D:4)
  3 worms
  4 dart slugs
  An orc (D:3)
  2 ball pythons
  5 endoplasms
  2 giant cockroaches (D:2)
  3 goblins
  6 hobgoblins
  3 jackals
  2 quokkas
  7 bats
  3 frilled lizards
  6 kobolds
  5 rats
56 creatures vanquished.

Notes
Turn   | Place    | Note
-------+----------+-------------------------------------------
     0 | D:1      | cforsyth the Ghoul Monk began the quest for the Orb.
     0 | D:1      | Reached XP level 1. HP: 19/19 MP: 0/0
   114 | D:1      | Found Judiud's Antique Weapon Shoppe.
   142 | D:1      | Reached XP level 2. HP: 1/26 MP: 1/1
   786 | D:1      | Found a faded altar of an unknown god.
  1057 | D:2      | Reached skill level 4 in Fighting
  1057 | D:2      | Reached XP level 3. HP: 7/33 MP: 2/2
  1470 | D:2      | Found Goplaf Erhih's General Store.
  1738 | D:2      | Found a runed translucent door.
  1739 | D:2      | Noticed Crazy Yiuf
  1888 | D:3      | Noticed an ogre
  2036 | D:3      | Reached XP level 4. HP: 41/41 MP: 3/3
  2720 | D:4      | Reached XP level 5. HP: 40/47 MP: 4/4
  2783 | D:4      | Reached skill level 5 in Fighting
  2801 | D:4      | HP: 1/48 [gnoll bouda/+1 vampiric whip (14)]
  3214 | D:2      | HP: 2/48 [gnoll bouda/+1 vampiric whip (8)]
  3218 | D:2      | Slain by a gnoll bouda

Illustrated notes

Levels and vault maps discovered:
D:1:      dpeg_arrival_brainrot, layout_basic,
          shapermc_ecumenical_altar_acropolis, serial_shops,
          nicolae_square_shop, minmay_misc_feat_pillars
D:2:      minmay_chambers_of_ones, layout_basic, serial_shops, shop,
          basic_altar, uniq_crazy_yiuf_cottage
D:3:      minmay_wonky_spiral, layout_rooms, serial_shops,
          nicolae_shop_statue_plus
D:4:      layout_rooms, mainiacjoe_overflow_catwalk_spiral

Skill      XL: |  1  2  3  4  5 |
---------------+----------------+-----
Fighting       | 4 5 |  5.0
Unarmed Combat | 4 |  4.9
Dodging        | |  2.6
Stealth        | |  2.1

Action                   |  1- 3 |  4- 6 || total
-------------------------+-------+-------++-------
Melee: Unarmed           |   136 |    47 ||   183
       Punch             |     2 |     2 ||     4
  Use: Scroll            |       |     5 ||     5
       Potion            |       |     2 ||     2
 Stab: Sleeping          |     9 |     6 ||    15
       Distracted        |     1 |       ||     1
Armor: Robe              |    22 |     4 ||    26
Dodge: Dodged            |    62 |    30 ||    92
Block: Other             |    32 |     9 ||    41
       Reflection        |     1 |       ||     1

Table legend: (Time is in decaauts)
 A = Elapsed time spent in this place.
 B = Non-inter-level travel time spent in this place.
 C = Inter-level travel time spent in this place.
 D = Time resting spent in this place.
 E = Time spent auto-exploring this place.
 F = Levels seen in this place.
 G = Mean time per level.
                   A        B        C        D        E       F      G
               +--------+--------+--------+--------+--------+-----+--------+
         Total |   3198 |   3114 |     84 |    720 |   1709 |   4 |  799.5 |
       Dungeon |   3198 |   3114 |     84 |    720 |   1709 |   4 |  799.5 |
               +--------+--------+--------+--------+--------+-----+--------+

Top non-repeatable levels by time:
     D:2: 1913 daAuts
     D:1: 935 daAuts
     D:3: 221 daAuts
     D:4: 129 daAuts
